General information
			
			
        
        - name: BNet
 
        - type: Ladder 1vs1/FFA
 
        - host: Battle.net
 
        - saver: koosha
 
        
map: TurtleRock 
        - players: 2
 
        - length: 17:46
 
        - speed: Fast
 - version: 1.22 W3XP
 - replay type:  Public
 
» download(64 KB)
Players
        team 1 (loser) 
              
              
Rustyhaze (
purple | 54 APM | 958 actions | 17:44)
              
 3 Mountain King 
 2 Storm Bolt
 1 Bash
 3 Paladin 
 2 Holy Light
 1 Divine Shield
 
                » actions 
                
                | Assign group hotkey | 112 |  | 
| Build / train | 72 |  | 
| Enter build submenu | 28 |  | 
| Enter hero's abilities submenu | 6 |  | 
| Give item / drop item | 6 |  | 
| Remove unit from queue | 1 |  | 
| Right click | 270 |  | 
| Select / deselect | 263 |  | 
| Select group hotkey | 115 |  | 
| Use ability | 85 |  | 
                958 total
 » units 
                
                | Peasant | 18 |  | 
| Footman | 7 |  | 
| Knight | 6 |  | 
| Priest | 1 |  | 
| Dragonhawk Rider | 4 |  | 
                36 total
 » upgrades
                
                | Defend | 1 |  | 
| Masonry | 1 |  | 
| Lumber Harvesting | 2 |  | 
| Magic Sentry | 1 |  | 
| Animal War Training | 1 |  | 
| Plating | 1 |  | 
                7 total
 » buildings
                
                | Barracks | 3 |  | 
| Altar of Kings | 1 |  | 
| Farm | 8 |  | 
| Scout Tower | 8 |  | 
| Arcane Tower | 1 |  | 
| Arcane Vault | 1 |  | 
| Keep | 1 |  | 
| Lumber Mill | 1 |  | 
| Guard Tower | 6 |  | 
| Castle | 1 |  | 
| Arcane Sanctum | 1 |  | 
| Blacksmith | 1 |  | 
| Gryphon Aviary | 1 |  | 
| Town Hall | 2 |  | 
                36 total
 » build order
                00:16 Barracks
00:22 Altar of Kings
00:34 Farm
00:44 Farm
01:35 Scout Tower
01:49 Farm
02:10 Arcane Tower
02:43 Arcane Vault
03:37 Keep
03:49 Lumber Mill
04:26 Scout Tower
04:40 Scout Tower
04:54 Scout Tower
05:02 Scout Tower
05:11 Guard Tower
05:18 Farm
05:23 Guard Tower
05:30 Guard Tower
06:07 Farm
06:50 Castle
07:26 Barracks
07:33 Barracks
07:53 Arcane Sanctum
08:07 Blacksmith
08:11 Gryphon Aviary
08:50 Farm
09:47 Town Hall
12:36 Farm
12:40 Farm
13:01 Town Hall
13:03 Guard Tower
13:05 Scout Tower
13:07 Scout Tower
13:09 Scout Tower
13:40 Guard Tower
14:01 Guard Tower
» items
                
                | Scroll of Regeneration | 1 |  | 
| Lesser Clarity Potion | 3 |  | 
| Scroll of Town Portal | 4 |  | 
| Ivory Tower | 4 |  | 
                12 total
  
               team 2 (winner) 
              
              
koosha (
blue | 185 APM | 3282 actions | 17:46)
              
 5 Death Knight 
 3 Death Coil
 2 Unholy Aura
 4 Lich 
 2 Frost Nova
 2 Dark Ritual
 
                » actions 
                
                | Assign group hotkey | 298 |  | 
| Basic commands | 103 |  | 
| Build / train | 67 |  | 
| ESC pressed | 2 |  | 
| Enter build submenu | 19 |  | 
| Enter hero's abilities submenu | 9 |  | 
| Give item / drop item | 10 |  | 
| Right click | 960 |  | 
| Select / deselect | 195 |  | 
| Select group hotkey | 1541 |  | 
| Use ability | 77 |  | 
                3282 total
 » units 
                
                | Acolyte | 6 |  | 
| Ghoul | 6 |  | 
| Crypt Fiend | 11 |  | 
| Frost Wyrm | 4 |  | 
| Obsidian Statue | 2 |  | 
                29 total
 » upgrades
                
                | Web | 1 |  | 
| Burrow | 1 |  | 
| Destroyer Form | 1 |  | 
| Creature Attack | 2 |  | 
                5 total
 » buildings
                
                | Crypt | 1 |  | 
| Graveyard | 1 |  | 
| Altar of Darkness | 2 |  | 
| Ziggurat | 9 |  | 
| Tomb of Relics | 1 |  | 
| Halls of the Dead | 4 |  | 
| Black Citadel | 2 |  | 
| Sacrificial Pit | 1 |  | 
| Boneyard | 1 |  | 
| Slaughterhouse | 1 |  | 
                23 total
 » build order
                00:07 Crypt
00:09 Graveyard
00:44 Altar of Darkness
00:46 Altar of Darkness
00:59 Ziggurat
01:24 Tomb of Relics
02:12 Ziggurat
03:29 Halls of the Dead
03:30 Halls of the Dead
04:57 Ziggurat
05:58 Black Citadel
06:53 Sacrificial Pit
07:09 Ziggurat
08:28 Boneyard
09:23 Slaughterhouse
10:42 Ziggurat
10:44 Ziggurat
12:48 Ziggurat
16:25 Ziggurat
16:26 Ziggurat
» items
                
                | Rod of Necromancy | 6 |  | 
| Boots of Speed | 1 |  | 
| Orb of Corruption | 1 |  | 
| Scroll of Healing | 3 |  | 
| Scroll of Town Portal | 1 |  | 
                12 total
  
                Chat log
          
(04:35 / All) Rustyhaze: shit
(11:41 / All) Rustyhaze: fucking hakers manual 
(11:46 / All) koosha: watch rep :)
(17:42 / All) Rustyhaze: blow me